 Dungeon Crawl Stone Soup version 0.29.1-15-g9cfb28693d (webtiles) character file.

Game seed: 8545065963629280514

373 hawla the Firebug (level 7, -4/51 HPs)
             Began as a Meteoran Fire Elementalist on Mar 21, 2023.
             Slain by Edmund
             ... wielding a +2 flail of protection
              (6 damage)
             ... on level 4 of the Dungeon.
             The game lasted 00:05:38 (698 turns).

hawla the Firebug (Meteoran Fire Elementalist)       Turns: 698, Time: 00:05:39

Health: -4/51      AC:  2    Str: 10    XL:     7   Next: 23%
Magic:  12/14      EV: 13    Int: 19    God:
Gold:   61         SH:  0    Dex: 14    Spells: 7/14 levels left

rFire   . . .      SeeInvis .   (no weapon)
rCold   . . .      Faith    .   (no shield)
rNeg    . . .      Spirit   .   a - +0 robe
rPois   .          Reflect  .   (no helmet)
rElec   .          Harm     .   (no cloak)
rCorr   .          Rampage  .   (no gloves)
Will    .....                   (no boots)
Stlth   +.........              (no amulet)
HPRegen 0.17/turn               (no ring)
MPRegen 0.14/turn               (no ring)

@: glowing
A: sense surroundings 1, otherworldly, glowing, explore regen
a: no special abilities


You were on level 4 of the Dungeon.
You visited 1 branch of the dungeon, and saw 4 of its levels.

You collected 61 gold pieces.

Inventory:

Armour
 a - a +0 robe (worn)
Jewellery
 d - a +4 ring of protection
Wands
 e - a wand of mindburst (9) (quivered)
Scrolls
 c - a scroll of identify
Potions
 b - a potion of flight


   Skills:
 - Level 0.3 Fighting
 - Level 3.1 Dodging
 - Level 1.4 Stealth
 - Level 4.2 Spellcasting
 + Level 5.0 Conjurations
 - Level 5.9 Fire Magic


You had 7 spell levels left.
You knew the following spells:

 Your Spells              Type           Power      Damage    Failure   Level
a - Foxfire               Conj/Fire      100%       2x1d9     1%          1
b - Scorch                Fire           52%        2d8       1%          2
c - Flame Wave            Conj/Fire      25%        2d8       14%         4

Your spell library contained the following spells:

 Spells                   Type           Power      Damage    Failure   Level
 Conjure Flame            Conj/Fire      25%        6-21      4%          3
 Inner Flame              Hex/Fire       15%        N/A       12%         3


Dungeon Overview and Level Annotations

Branches:
Dungeon (4/15) Zot: 1702
 Temple: D:4-7

Altars:
Nemelex Xobeh
Qazlal

Shops:
D:3 !*

Annotations:
D:4 Edmund


Innate Abilities, Weirdness & Mutations

You passively map a small area around you.
You are easily found by Zot.
You glow in the dark.
You regain HP and MP as you explore.


Message History

Unknown command.
It was a potion of heal wounds.
You feel much better. Edmund closely misses you.
As you read the scroll labelled WOCWAU KEED, it crumbles to dust.
The creatures around you are filled with an inner flame!
It was a scroll of immolation.
Edmund hits you with a +2 flail of protection!
Edmund attacks as you move away! Edmund barely misses you.
There is a stone staircase leading down here.
Edmund attacks as you move away! Edmund barely misses you.
Edmund attacks as you move away!
Edmund hits you with a +2 flail of protection.
Edmund attacks as you move away! Edmund closely misses you.
Edmund attacks as you move away!
Edmund hits you with a +2 flail of protection.
Edmund attacks as you move away! Edmund barely misses you.
Unknown command.
Unknown command.
Edmund attacks as you move away!
Edmund hits you with a +2 flail of protection.
Edmund attacks as you move away! Edmund barely misses you.
Edmund attacks as you move away!
Edmund hits you with a +2 flail of protection.
Edmund says, "You wouldn't believe how much I paid for this flail."
Edmund attacks as you move away! Edmund closely misses you.
Edmund attacks as you move away!
Edmund hits you with a +2 flail of protection!
Edmund's inner flame fades away.
Edmund hits you with a +2 flail of protection!
Edmund attacks as you move away! Edmund barely misses you.
Edmund attacks as you move away! Edmund completely misses you.
Edmund attacks as you move away!
Edmund hits you with a +2 flail of protection!
* * * LOW HITPOINT WARNING * * *
Edmund attacks as you move away!
Edmund hits you with a +2 flail of protection!
* * * LOW HITPOINT WARNING * * *
Edmund attacks as you move away!
Edmund hits you with a +2 flail of protection.
You die...

* * ##
##############..
*
...............#
, *#.....@@.#.#
,, ,
#.######...#* ,
,,* , #...#.## *
* #.#...# , ## *
,* #...### .###
### * ##.## *,
.#.. <.# >* #.#
.#.#*#.### #.# *
.#.# #... #.#


You could see Edmund.

Vanquished Creatures
  Sigmund (D:2)
  A hound (D:4)
  Terence (D:3)
  An orc wizard (D:3)
  3 gnolls (D:3)
  5 adders
  A white imp (D:4)
  A worm (D:2)
  A dart slug (D:3)
  4 orcs (D:3)
  4 endoplasms
  2 giant cockroaches
  3 goblins
  A hobgoblin (D:2)
  2 jackals (D:3)
  4 kobolds
  A quokka (D:3)
  2 ball pythons
  2 frilled lizards
  5 rats (D:2)
45 creatures vanquished.

Vanquished Creatures (others)
  70 foxfires
70 creatures vanquished.

Grand Total: 115 creatures vanquished

Notes
Turn   | Place    | Note
-------+----------+-------------------------------------------
     0 | D:1      | hawla the Meteoran Fire Elementalist began the quest for
                  | the Orb.
     0 | D:1      | Reached XP level 1. HP: 14/14 MP: 5/5
    26 | D:2      | Reached XP level 2. HP: 11/20 MP: 2/6
    29 | D:2      | Learned a level 2 spell: Scorch
    87 | D:2      | Found a sparkling altar of Nemelex Xobeh.
   162 | D:2      | Noticed Sigmund
   175 | D:2      | Killed Sigmund
   176 | D:2      | Reached skill level 5 in Fire Magic
   176 | D:2      | Reached XP level 3. HP: 22/27 MP: 7/9
   176 | D:2      | Reached XP level 4. HP: 29/34 MP: 8/11
   176 | D:2      | Reached XP level 5. HP: 33/39 MP: 8/12
   176 | D:2      | Reached XP level 6. HP: 39/46 MP: 8/13
   184 | D:2      | Learned a level 4 spell: Flame Wave
   229 | D:2      | Found a faded altar of an unknown god.
   303 | D:3      | Found Ruizue's Distillery.
   369 | D:3      | Noticed Terence
   376 | D:3      | Killed Terence
   407 | D:3      | Found a stormy altar of Qazlal.
   408 | D:3      | Noticed a water elemental
   410 | D:3      | Noticed a fire elemental
   411 | D:3      | Noticed an air elemental
   428 | D:3      | Found Wown's General Store.
   512 | D:3      | Reached XP level 7. HP: 51/51 MP: 1/14
   602 | D:4      | Reached skill level 5 in Conjurations
   650 | D:4      | Noticed Edmund
   697 | D:4      | HP: 2/51 [Edmund/+2 flail of protection (13)]
   698 | D:4      | Slain by Edmund

Illustrated notes

Levels and vault maps discovered:
D:1:      shiori_arrival_maze, layout_basic, corexii_hall_statues_deadend,
          nicolae_grassy_gnolls
D:2:      layout_rooms, basic_altar, shapermc_ecumenical_altar_totnotflames,
          uniq_sigmund
D:3:      layout_basic, nicolae_qazlal_style_of_elements, serial_shops,
          nicolae_shop_bloodbath_and_beyond, nicolae_shop_stone, shop,
          shop_fountains, kennysheep_generic_room_13, uniq_terence
D:4:      layout_loops_ring, mainiacjoe_overflow_24_doors,
          mainiacjoe_overflow_alcove_4, mainiacjoe_overflow_large_starburst,
          eino_small_chamber_without_monster, uniq_edmund

Skill      XL: |  1  2  3  4  5  6  7 |
---------------+----------------------+-----
Fire Magic     | 4 5 |  5.9
Spellcasting   | 4 |  4.2
Dodging        | 3 |  3.1
Conjurations   | 2 4 5 |  5.0
Fighting       | |  0.3
Stealth        | |  1.4

Action                   |  1- 3 |  4- 6 |  7- 9 || total
-------------------------+-------+-------+-------++-------
Melee: Unarmed           |     4 |    10 |     2 ||    16
       Punch             |       |     1 |       ||     1
 Cast: Foxfire           |    14 |    23 |     3 ||    40
       Scorch            |     3 |    14 |    10 ||    27
       Flame Wave        |       |     2 |       ||     2
  Use: Potion            |     3 |     1 |     1 ||     5
       Scroll            |       |     2 |     3 ||     5
Armor: Robe              |     2 |     1 |     1 ||     4
       Skin              |     1 |     2 |       ||     3
Dodge: Dodged            |     9 |    17 |    17 ||    43
